 Dungeon Crawl Stone Soup version 0.32-a0-918-g0f22ef8d61 (webtiles) character file.

Game seed: 17713374644608867023

24 Fildev the Chucker (level 3, 24/24 HPs)
             Began as an Octopode Wanderer on Apr 4, 2024.
             Quit the game on level 1 of the Dungeon on Apr 11, 2024.
             The game lasted 00:02:40 (443 turns).

Fildev the Chucker (Octopode Wanderer)               Turns: 443, Time: 00:02:41

Health: 24/24      AC:  1    Str: 10    XL:     3   Next: 2%
Magic:  5/5        EV:  8    Int: 13    God:
Gold:   38         SH:  7    Dex: 15    Spells: 5/5 levels left

rFire   . . .        a - +2 dagger
rCold   . . .        h - +0 kite shield
rNeg    . . .        d - +0 hat
rPois   .            (no amulet)
rElec   .            (no ring)
rCorr   .            (no ring)
SInv    .            (no ring)
Will    .....        (no ring)
Stlth   +++          (no ring)
HPRegen 0.24/turn    (no ring)
MPRegen 0.09/turn    (no ring)
                     (no ring)

%: no passive effects
@: no status effects
A: almost no armour, amphibious, 8 rings, camouflage 1, gelatinous body 1,
(nimble swimmer 1), tentacles
a: no special abilities


You were on level 1 of the Dungeon.
You visited 1 branch of the dungeon, and saw 1 of its levels.

You collected 38 gold pieces.

Inventory:

Hand Weapons
 a - a +2 dagger (weapon)
 c - a +0 short sword
 j - a +0 vampiric hand axe
Missiles
 b - 2 curare-tipped darts (quivered)
 f - 2 boomerangs
Armour
 d - a +0 hat (worn)
 h - a +0 kite shield (worn)
Scrolls
 e - a scroll of blinking
Potions
 g - a potion of curing {unknown}
 i - a potion of degeneration {unknown}


   Skills:
 + Level 1.8 Fighting
 - Level 1.0 Short Blades
 - Level 5.0 Throwing
 + Level 3.5 Stealth
 + Level 1.6 Spellcasting


You had 5 spell levels left.
You didn't know any spells.
Your spell library was empty.

Dungeon Overview and Level Annotations

Branches:
Dungeon (1/15)

Altars:


Innate Abilities, Weirdness & Mutations

You cannot wear most types of armour.
You are amphibious.
You can wear up to eight rings at the same time.
Your skin changes colour to match your surroundings (Stealth+).
Your rubbery body absorbs attacks. (AC +1, EV +1)
((You are camouflaged when in or above water. (Stealth+)))
You have tentacles for arms and can constrict up to eight enemies at once.


Message History

A jackal comes into view.
The jackal bites you but does no damage.
You closely miss the jackal.
The jackal barks!
You grab the jackal. Your squeeze misses the jackal. You constrict the jackal.
You hear a bark!
The jackal bites you.
A jackal comes into view.
The jackal closely misses you.
You hit the jackal but do no damage.
You squeeze the jackal, but do no damage.
The jackal is severely wounded.
You constrict the jackal.
You kill the jackal!
The jackal barely misses you.
A jackal comes into view.
You block the jackal's attack.
You see here a jackal corpse.
The jackal barks!
You hit the jackal. You grab the jackal.
The jackal is almost dead.
You constrict the jackal.
You kill the jackal!
The jackal bites you but does no damage.
You block the jackal's attack.
You have reached level 3!
Your experience leads to an increase in your attributes!
Increase (S)trength, (I)ntelligence, or (D)exterity?
Welcome back, Fildev the Octopode Wanderer.
Press ? for a list of commands and other information.
You have reached level 3!
Your experience leads to an increase in your attributes!
Increase (S)trength, (I)ntelligence, or (D)exterity?
Welcome back, Fildev the Octopode Wanderer.
Press ? for a list of commands and other information.
You have reached level 3!
Your experience leads to an increase in your attributes!
Increase (S)trength, (I)ntelligence, or (D)exterity?
You feel clever. x2
Are you sure you want to abandon this character and quit the game? (Confirm with "yes".)

#.#....##
#†#.....#########
#.#......#......#
#.#.......†.....#
#+#####.#......[.
#.#.......#
#.#...#####
###.#.#.#
+..h@.#.#
########
###.###..
......... #h #.#
......... #. ..
#......... #.
#........... #.
.......... #.
.......... #.
#.........
#.........


You could see 2 jackals.

Vanquished Creatures
  2 dart slugs (D:1)
  A ball python (D:1)
  3 bats (D:1)
  3 endoplasms (D:1)
  A goblin (D:1)
  A hobgoblin (D:1)
  2 jackals (D:1)
  2 quokkas (D:1)
  A frilled lizard (D:1)
  A kobold (D:1)
  A rat (D:1)
18 creatures vanquished.

Notes
Turn   | Place    | Note
-------+----------+-------------------------------------------
     0 | D:1      | Fildev the Octopode Wanderer began the quest for the Orb.
     0 | D:1      | Fildev set off with the following items: a +2 dagger, 2
                  | curare-tipped darts, a +0 short sword, a +0 hat, a scroll
                  | of blinking.
     0 | D:1      | Reached XP level 1. HP: 13/13 MP: 2/2
   121 | D:1      | Reached XP level 2. HP: 16/18 MP: 3/3
   443 | D:1      | Upgraded the game from 0.32-a0-898-g7811c86cf0 to
                  | 0.32-a0-918-g0f22ef8d61
   443 | D:1      | Reached XP level 3. HP: 24/24 MP: 5/5
   443 | D:1      | Quit the game

Illustrated notes

Levels and vault maps discovered:
D:1:      dpeg_arrival_simpleton_a, layout_basic

Skill      XL: |  1 |
---------------+----+-----
Stealth        | 3 |  3.5
Fighting       | |  1.8
Short Blades   | |  1.0
Throwing       | |  5.0
Spellcasting   | |  1.6

Action                     || total
---------------------------++-------
  Melee: Dagger            ||    33
         Constrict         ||     9
         Tentacles         ||     4
   Stab: Sleeping          ||     4
 Armour: Skin              ||    11
  Dodge: Dodged            ||    14
  Block: Kite shield       ||     4

Table legend: (Time is in decaauts)
 A = Elapsed time spent in this place.
 B = Non-inter-level travel time spent in this place.
 C = Inter-level travel time spent in this place.
 D = Time resting spent in this place.
 E = Time spent auto-exploring this place.
 F = Levels seen in this place.
 G = Mean time per level.
                   A        B        C        D        E       F      G
               +--------+--------+--------+--------+--------+-----+--------+
         Total |    442 |    429 |     13 |      0 |    297 |   1 |  442.0 |
       Dungeon |    442 |    429 |     13 |      0 |    297 |   1 |  442.0 |
               +--------+--------+--------+--------+--------+-----+--------+

Top non-repeatable levels by time:
     D:1: 442 daAuts
